General information
- name: BNet
- type: Ladder team game (AT/RT)
- host: Battle.net
- saver:
map: Mur'gulOasis
- players: 8
- length: 17:57
- speed: Fast
- version: 1.26 W3XP
- replay type: Public
» download(92 KB)
Players
team 1 (winner)
Blisstic (
red | 40 APM | 714 actions | 17:57)
4 Paladin
2 Holy Light
1 Devotion Aura
1 Divine Shield
4 Mountain King
2 Storm Bolt
2 Bash
» actions
| Assign group hotkey | 23 | |
| Basic commands | 24 | |
| Build / train | 52 | |
| Enter build submenu | 20 | |
| Enter hero's abilities submenu | 8 | |
| Remove unit from queue | 1 | |
| Right click | 227 | |
| Select / deselect | 161 | |
| Select group hotkey | 158 | |
| Use ability | 40 | |
714 total
» units
| Peasant | 8 | |
| Footman | 7 | |
| Knight | 7 | |
| Priest | 5 | |
27 total
» upgrades
| Lumber Harvesting | 1 | |
| Swords | 3 | |
| Priest Training | 2 | |
| Animal War Training | 1 | |
| Plating | 3 | |
10 total
» buildings
| Altar of Kings | 1 | |
| Farm | 14 | |
| Barracks | 2 | |
| Lumber Mill | 1 | |
| Scout Tower | 2 | |
| Arcane Tower | 1 | |
| Keep | 1 | |
| Guard Tower | 1 | |
| Castle | 1 | |
| Blacksmith | 1 | |
| Arcane Sanctum | 1 | |
26 total
» build order
00:26 Altar of Kings
00:41 Farm
00:57 Barracks
01:10 Lumber Mill
01:16 Farm
01:50 Scout Tower
02:02 Farm
02:33 Arcane Tower
02:42 Farm
03:06 Keep
03:27 Scout Tower
04:07 Guard Tower
04:10 Farm
04:13 Farm
06:06 Castle
06:10 Barracks
06:23 Blacksmith
06:29 Arcane Sanctum
06:52 Farm
06:52 Farm
08:33 Farm
08:34 Farm
10:41 Farm
15:20 Farm
15:21 Farm
15:22 Farm
SameOldHistory (
pink | 40 APM | 720 actions | 17:57)
6 Mountain King
3 Storm Bolt
2 Bash
1 Avatar
» actions
| Build / train | 48 | |
| Enter build submenu | 19 | |
| Enter hero's abilities submenu | 6 | |
| Give item / drop item | 1 | |
| Right click | 419 | |
| Select / deselect | 177 | |
| Use ability | 50 | |
720 total
» units
| Peasant | 7 | |
| Footman | 12 | |
| Gryphon Rider | 6 | |
| Giant Sea Turtle | 1 | |
| Mur'gul Snarecaster | 1 | |
27 total
» upgrades
| Lumber Harvesting | 2 | |
| Storm Hammers | 1 | |
| Swords | 3 | |
| Plating | 1 | |
7 total
» buildings
| Farm | 10 | |
| Altar of Kings | 1 | |
| Barracks | 1 | |
| Arcane Vault | 1 | |
| Keep | 1 | |
| Castle | 1 | |
| Lumber Mill | 1 | |
| Blacksmith | 1 | |
| Gryphon Aviary | 2 | |
19 total
» build order
00:06 Farm
00:10 Altar of Kings
00:45 Barracks
01:19 Farm
01:38 Arcane Vault
02:03 Farm
02:41 Farm
03:14 Keep
05:59 Castle
06:02 Lumber Mill
06:04 Blacksmith
07:20 Gryphon Aviary
07:26 Gryphon Aviary
09:00 Farm
10:02 Farm
10:42 Farm
11:51 Farm
12:46 Farm
13:31 Farm
» items
| Scroll of Regeneration | 1 | |
| Lesser Clarity Potion | 2 | |
| Boots of Speed | 1 | |
| Scroll of Protection | 1 | |
5 total
James1Wise (
green | 21 APM | 374 actions | 17:57)
5 Crypt Lord
3 Carrion Beetles
2 Spiked Carapace
» actions
| Assign group hotkey | 8 | |
| Build / train | 38 | |
| Enter build submenu | 21 | |
| Enter hero's abilities submenu | 5 | |
| Right click | 132 | |
| Select / deselect | 121 | |
| Select group hotkey | 30 | |
| Use ability | 19 | |
374 total
» units
| Acolyte | 11 | |
| Ghoul | 3 | |
| Crypt Fiend | 5 | |
| Gargoyle | 3 | |
22 total
» upgrades
| Web | 1 | |
| Ghoul Frenzy | 1 | |
| Creature Attack | 2 | |
| Creature Carapace | 2 | |
6 total
» buildings
| Crypt | 3 | |
| Ziggurat | 8 | |
| Altar of Darkness | 1 | |
| Graveyard | 2 | |
| Halls of the Dead | 1 | |
| Black Citadel | 1 | |
| Spirit Tower | 1 | |
| Nerubian Tower | 1 | |
18 total
» build order
00:19 Crypt
00:37 Ziggurat
00:51 Altar of Darkness
01:31 Ziggurat
02:04 Crypt
02:56 Graveyard
03:13 Ziggurat
03:21 Halls of the Dead
07:26 Ziggurat
07:31 Ziggurat
07:58 Black Citadel
09:00 Crypt
09:15 Graveyard
09:48 Spirit Tower
09:51 Nerubian Tower
11:39 Ziggurat
11:47 Ziggurat
14:33 Ziggurat

»
azsx46 (
yellow | 20 APM | 356 actions | 17:57)
3 Demon Hunter
1 Immolation
1 Mana Burn
1 Evasion
» actions
| Basic commands | 1 | |
| Build / train | 41 | |
| Enter build submenu | 19 | |
| Enter hero's abilities submenu | 3 | |
| Right click | 134 | |
| Select / deselect | 109 | |
| Use ability | 49 | |
356 total
» units
» upgrades
| Strength of the Wild | 1 | |
| Ultravision | 1 | |
| Reinforced Hides | 1 | |
3 total
» buildings
| Altar of Elders | 1 | |
| Moon Well | 11 | |
| Ancient of War | 1 | |
| Hunter's Hall | 1 | |
| Tree of Ages | 1 | |
| Tree of Eternity | 1 | |
| Ancient of Wind | 1 | |
| Chimaera Roost | 3 | |
| Tree of Life | 1 | |
21 total
» build order
00:12 Altar of Elders
00:26 Moon Well
01:21 Ancient of War
01:59 Moon Well
02:24 Hunter's Hall
02:55 Moon Well
06:10 Moon Well
06:16 Moon Well
06:42 Moon Well
07:15 Moon Well
07:19 Tree of Ages
07:58 Moon Well
08:42 Moon Well
09:54 Tree of Eternity
10:00 Ancient of Wind
10:18 Moon Well
11:34 Moon Well
14:33 Chimaera Roost
15:37 Tree of Life
17:31 Chimaera Roost
17:32 Chimaera Roost
team 2 (loser)

»
ROTS19 (
blue | 63 APM | 1139 actions | 17:57)
3 Death Knight
2 Death Coil
1 Unholy Aura
2 Dreadlord
1 Vampiric Aura
1 Sleep
1 Lich
1 Frost Nova
» actions
| Assign group hotkey | 28 | |
| Basic commands | 78 | |
| Build / train | 40 | |
| ESC pressed | 1 | |
| Enter build submenu | 13 | |
| Enter hero's abilities submenu | 6 | |
| Give item / drop item | 1 | |
| Right click | 464 | |
| Select / deselect | 243 | |
| Select group hotkey | 227 | |
| Use ability | 38 | |
1139 total
» units
» upgrades
| Unholy Strength | 3 | |
| Unholy Armor | 3 | |
| Ghoul Frenzy | 1 | |
7 total
» buildings
| Crypt | 2 | |
| Altar of Darkness | 1 | |
| Ziggurat | 5 | |
| Tomb of Relics | 2 | |
| Nerubian Tower | 1 | |
| Graveyard | 1 | |
| Halls of the Dead | 1 | |
| Black Citadel | 1 | |
| Spirit Tower | 2 | |
| Necropolis | 1 | |
17 total
» build order
00:14 Crypt
00:22 Altar of Darkness
00:44 Ziggurat
00:54 Tomb of Relics
01:03 Tomb of Relics
01:25 Ziggurat
01:28 Ziggurat
02:22 Nerubian Tower
02:32 Crypt
03:53 Graveyard
04:47 Halls of the Dead
05:29 Ziggurat
08:03 Black Citadel
09:54 Ziggurat
10:26 Spirit Tower
11:38 Spirit Tower
13:30 Necropolis
» items
| Dust of Appearance | 1 | |
| Potion of Healing | 3 | |
4 total
u_will_hate_me (
orange | 35 APM | 632 actions | 17:57)
3 Blademaster
2 Wind Walk
1 Critical Strike
» actions
| Basic commands | 9 | |
| Build / train | 33 | |
| Enter build submenu | 11 | |
| Enter hero's abilities submenu | 3 | |
| Remove unit from queue | 2 | |
| Right click | 383 | |
| Select / deselect | 164 | |
| Use ability | 27 | |
632 total
» units
» upgrades
» buildings
| Altar of Storms | 1 | |
| Orc Burrow | 5 | |
| Barracks | 2 | |
| Stronghold | 1 | |
| War Mill | 1 | |
| Voodoo Lounge | 1 | |
11 total
» build order
00:01 Altar of Storms
00:03 Orc Burrow
00:33 Barracks
01:36 Orc Burrow
02:56 Orc Burrow
05:27 Stronghold
05:28 War Mill
07:54 Barracks
09:36 Orc Burrow
09:37 Orc Burrow
11:15 Voodoo Lounge
» items
| Rod of Necromancy | 1 | |
| Dust of Appearance | 1 | |
| Scroll of Town Portal | 1 | |
3 total
Killerman968 (
teal | 23 APM | 98 actions | 04:17)
1 Blademaster
1 Critical Strike
» actions
| Build / train | 15 | |
| Enter build submenu | 8 | |
| Enter hero's abilities submenu | 1 | |
| Right click | 40 | |
| Select / deselect | 27 | |
| Use ability | 7 | |
98 total
» units
» buildings
| Altar of Storms | 1 | |
| Orc Burrow | 4 | |
| Barracks | 1 | |
| War Mill | 1 | |
| Stronghold | 1 | |
8 total
» build order
00:23 Altar of Storms
00:37 Orc Burrow
00:53 Barracks
01:39 Orc Burrow
02:07 Orc Burrow
02:53 Orc Burrow
03:28 War Mill
03:44 Stronghold

»
Winkeydee895 (
purple | 30 APM | 516 actions | 17:13)
2 Death Knight
1 Death Coil
1 Unholy Aura
» actions
| Assign group hotkey | 8 | |
| Basic commands | 38 | |
| Build / train | 25 | |
| Enter build submenu | 13 | |
| Enter hero's abilities submenu | 2 | |
| Right click | 187 | |
| Select / deselect | 137 | |
| Select group hotkey | 84 | |
| Use ability | 22 | |
516 total
» units
| Acolyte | 2 | |
| Ghoul | 4 | |
| Crypt Fiend | 8 | |
14 total
» upgrades
| Creature Attack | 2 | |
| Web | 1 | |
| Burrow | 1 | |
| Creature Carapace | 1 | |
5 total
» buildings
| Altar of Darkness | 1 | |
| Ziggurat | 6 | |
| Crypt | 3 | |
| Graveyard | 1 | |
| Tomb of Relics | 1 | |
| Halls of the Dead | 1 | |
| Black Citadel | 1 | |
14 total
» build order
00:07 Altar of Darkness
00:10 Ziggurat
00:20 Crypt
01:10 Ziggurat
02:27 Graveyard
02:53 Ziggurat
03:35 Tomb of Relics
03:44 Crypt
05:49 Crypt
05:53 Ziggurat
06:42 Ziggurat
08:38 Halls of the Dead
11:10 Black Citadel
12:11 Ziggurat
» items
Chat log
(00:05 / Allies) Killerman968: rush
(00:07 / Allies) Killerman968: rush
(00:08 / Allies) u_will_hate_me: ok
(00:09 / Allies) Killerman968: rush
(00:13 / Allies) Killerman968: lol
(00:27 / Allies) Killerman968: kkk
(00:40 / Allies) u_will_hate_me: what abou tit
(00:49 / Allies) Winkeydee895: Dear agony
(00:49 / Allies) Killerman968: ?
(01:00 / Allies) u_will_hate_me: i rush ahrd
(02:58 / Allies) Killerman968: meet?
(04:11 / All) ROTS19: Lol
(04:17 / Allies) Winkeydee895: lol thats not a rush
(04:23 / Allies) ROTS19: whos said it was?
(05:49 / Allies) u_will_hate_me: kil piunk
(05:52 / Allies) u_will_hate_me: fuckin bithc
(05:58 / Allies) ROTS19: shut up.
(06:07 / Allies) u_will_hate_me: youre trash nigger
(06:09 / Allies) u_will_hate_me: il killing you
(06:18 / Allies) ROTS19: i'm trash?
(06:23 / Allies) ROTS19: 1v1 after this?
(06:24 / Allies) u_will_hate_me: fucing bitc
(06:32 / Allies) Winkeydee895: what happened
(06:34 / Allies) Winkeydee895: u idiots?
(06:39 / All) u_will_hate_me: fuck my team
(06:47 / All) u_will_hate_me: blues ignorant
(06:49 / All) u_will_hate_me: im bsing
(06:50 / All) ROTS19: hate having teenagers on my team
(06:53 / Allies) Winkeydee895: oj stfu u suck
(07:00 / Allies) Winkeydee895: u too blue stfu
(07:09 / Allies) ROTS19: purple, you're horrible at thsi game too.
(07:11 / Allies) Winkeydee895: two children
(07:19 / All) Blisstic: blame whatever you want for the fact that ur gonna lose
(07:22 / Allies) u_will_hate_me: blues as asshole
(07:27 / All) u_will_hate_me: i plan too
(07:29 / All) Blisstic: but ur just bsing cuz u cant win and want an excuse
(07:30 / Allies) ROTS19: shut up dumbfuck.
(07:37 / All) u_will_hate_me: exactly
(07:42 / All) ROTS19: orange attacked first lol
(07:51 / All) Blisstic: i believe it
(08:36 / Allies) ROTS19: both of you
(08:39 / Allies) ROTS19: you should use your money for stuff
(08:46 / Allies) u_will_hate_me: fuck off
(08:47 / Allies) ROTS19: bad to let it go to waste
(08:54 / Allies) ROTS19: makes you look dumb
(08:56 / All) Blisstic: so are we just wasting time now lol?
(09:00 / All) ROTS19: Yeah pretty much
(09:02 / All) u_will_hate_me: yes
(09:06 / All) u_will_hate_me: teal teal
(09:10 / All) Winkeydee895: these two are idiots
(09:12 / All) u_will_hate_me: hes afet purple
(09:16 / All) u_will_hate_me: i killed all his units
(09:41 / All) ROTS19: Clearly a mature move.
(09:53 / All) u_will_hate_me: dont be an asshole
(09:57 / All) u_will_hate_me: people wont kill you
(09:59 / All) ROTS19: lol?
(10:02 / All) Winkeydee895: both of u are mature
(10:11 / All) Winkeydee895: sound like two children
(10:12 / All) u_will_hate_me: fuck off get off your high horse you bitch
(10:19 / All) Winkeydee895: lol
(10:21 / All) ROTS19: What did I say to enrage you so?
(10:22 / All) u_will_hate_me: youre playing wacraft
(10:26 / All) u_will_hate_me: youre not mature
(10:32 / All) ROTS19: lol
(10:44 / All) Winkeydee895: lol
(10:53 / All) Winkeydee895: this comes from a lil fag like u that hurts
(11:03 / All) u_will_hate_me: nows whos immature
(11:06 / All) u_will_hate_me: lil fag
(11:07 / All) Blisstic: /wave
(11:08 / All) u_will_hate_me: grow up
(11:10 / All) James1Wise: i like pie
(11:20 / All) Winkeydee895: yes lil fag
(11:38 / All) u_will_hate_me: who do you guys want em to betreay purple or blue
(11:48 / All) ROTS19: Uh
(11:51 / All) ROTS19: I think we're passed that point
(11:53 / All) u_will_hate_me: ??
(11:58 / All) ROTS19: when you started attacking my base
(12:00 / All) Blisstic: purp is mine
(12:07 / All) u_will_hate_me: he has mass fiends
(12:12 / All) Blisstic: i know
(12:22 / Allies) ROTS19: either of you got some spare gold you wanna use?
(12:25 / All) Winkeydee895: ill be waiting red
(12:26 / Allies) ROTS19: sort of in a pickle here
(12:29 / Allies) ROTS19: I'd like some extra money
(12:39 / Allies) ROTS19: god damnit
(12:56 / All) ROTS19: not quite what i had in mind
(13:00 / All) ROTS19: oh well
(13:11 / All) ROTS19: Guess I'll do this without ab ase
(13:48 / All) Blisstic: gg
(13:50 / All) ROTS19: Gg
(13:52 / All) u_will_hate_me: shut up
(13:52 / All) Winkeydee895: red ur not good
(13:59 / All) Blisstic: oook
(14:06 / All) u_will_hate_me: blues an asshole so i betrayed
(14:09 / All) Winkeydee895: if u didnt see
(14:13 / All) Blisstic: i did
(14:17 / All) Blisstic: it as gay
(14:19 / All) Blisstic: was'
(14:20 / All) ROTS19: \
(14:26 / All) Winkeydee895: would have raped u
(14:32 / All) Blisstic: mk pumpkin
(14:34 / All) ROTS19: Okay orange
(14:37 / All) u_will_hate_me: lol purp
(14:40 / All) ROTS19: I said two things before you started attacking me
(14:41 / All) Blisstic: fiends vs knights
(14:42 / All) Winkeydee895: lol oj
(14:42 / All) ROTS19: "LOL"
(14:43 / All) Blisstic: lol
(14:43 / All) u_will_hate_me: mass fiends againt knights
(14:47 / All) ROTS19: and "It's not GG"
(14:49 / All) ROTS19: Which one ticked you off?
(14:57 / All) Winkeydee895: lol fiends that are stat 3
(14:59 / All) u_will_hate_me: you think youre good
(15:00 / All) Winkeydee895: and knight stats 2
(15:01 / All) Blisstic: woooow
(15:05 / All) ROTS19: You think you are?
(15:06 / All) Blisstic: lol u woulda been raped
(15:11 / All) Winkeydee895: lol yep
(15:14 / All) ROTS19: I meant orange
(15:16 / All) ROTS19: oh
(15:17 / All) ROTS19: What
(15:19 / All) ROTS19: You thikn you're good too?
(15:22 / All) ROTS19: lol
(15:29 / All) u_will_hate_me: you are both trash
(15:33 / All) u_will_hate_me: beyond doubt
(15:35 / All) ROTS19: I'd wipe either of you in a 1v1
(15:44 / All) u_will_hate_me: and?
(15:51 / All) ROTS19: And you're bad at thsi game
(15:52 / All) u_will_hate_me: whats that have to do with 4v4
(15:55 / All) u_will_hate_me: this 4v4v
(15:59 / All) u_will_hate_me: nothing
(16:01 / All) u_will_hate_me: bitch
(16:02 / All) u_will_hate_me: shut up
(16:03 / All) Winkeydee895: 4v4v
(16:04 / All) u_will_hate_me: leave
(16:05 / All) Winkeydee895: yes
(16:09 / All) ROTS19: Anyway
(16:10 / All) ROTS19: This is over
(16:10 / All) ROTS19: Gg
(16:19 / All) ROTS19: Can't really win a 1v4
(16:23 / All) ROTS19: v5*
(16:26 / All) u_will_hate_me: you couldnt win antyhing
(16:35 / All) ROTS19: I did challenge you to a 1v1
(16:39 / All) ROTS19: And you dodged
(16:39 / All) Winkeydee895: couldn't?
(16:44 / All) u_will_hate_me: and i challenge you to suck my dick
(16:45 / All) ROTS19: I'm pretty sure I could win you in that
(16:55 / All) ROTS19: That was a poorly timed message on my part
(17:09 / All) ROTS19: really though
(17:12 / All) ROTS19: I don't get it
(17:21 / All) ROTS19: The three of you give up immediately
(17:24 / All) ROTS19: and I say It's not GG
(17:27 / All) ROTS19: and then you rage at me.
(17:31 / All) ROTS19: What the hell?
(17:44 / All) ROTS19: You make no sense, friend.
(17:50 / All) ROTS19: And you're terrible at this game.
(17:55 / All) u_will_hate_me: and youre mad
(17:57 / All) ROTS19: Bye